Map: [ESL] Tropical Sacrifice

Players

LiquidElazer (Elazer)

  • Race: Zerg Zerg
  • Spawn Location: 1:00

ShoWTimE - Winner!

  • Race: Protoss Protoss
  • Spawn Location: 7:00

Event: TSL 9

VOD

Have the link to the VOD?

Description

Time

  • Played on: July 30, 2022, 10:32 a.m.
  • Length: 12:21

All games in this series

Show
View Real Time Build Order
Export as new Build Order

LiquidElazer Zerg 

Build Orders: Hatch First 

Get SALT Encoding   

  12  0:00  Drone  
  13  0:13  Overlord  
  13  0:17  Drone  
  14  0:31  Drone x2  
  16  0:50  Hatchery  
  16  0:53  Drone  
  16  0:56  Drone  
  17  0:59  Drone  
  18  1:10  Extractor  
  17  1:15  Spawning Pool  
  16  1:18  Drone  
  16  1:21  Drone  
  18  1:29  Drone  
  19  1:39  Drone  
  20  1:50  Drone  
  21  2:01  Queen x2  
  21  2:03  Zergling x2, Overlord  
  26  2:12  Drone x2  
  26  2:13  Metabolic Boost  
  28  2:23  Drone x2  
  30  2:35  Hatchery  
  30  2:37  Drone  
  30  2:43  Queen  
  32  2:46  Drone  
  32  2:50  Overlord  
  33  2:56  Drone x2  
  33  2:58  Drone  
  36  3:07  Queen, Overlord  
  36  3:10  Drone  
  36  3:11  Drone  
  40  3:15  Drone x2  
  42  3:20  Queen  
  44  3:27  Spore Crawler  
  44  3:28  Drone  
  44  3:31  Drone x3  
  47  3:40  Overlord  
  48  3:41  Drone  
  48  3:42  Drone x2  
  48  3:46  Queen  
  48  3:48  Drone  
  53  3:51  Zergling x6  
  53  3:53  Zergling x2  
  57  3:58  Queen  
  59  4:04  Overlord  
  59  4:06  Drone x3  
  59  4:07  Drone  
  59  4:09  Drone  
  64  4:20  Drone x2  
  64  4:24  Overlord  
  66  4:26  Queen  
  66  4:28  Drone x6  
  73  4:36  Drone  
  73  4:37  Drone  
  74  4:41  Extractor  
  74  4:42  Drone x6, Roach Warren  
  78  4:47  Overlord  
  78  4:50  Extractor  
  78  4:51  Drone  
  76  4:57  Drone x3  
  76  4:58  Drone  
  80  5:03  Hatchery, Extractor  
  80  5:04  Overlord  
  78  5:08  Zergling x12  
  78  5:09  Zergling x2  
  85  5:20  Overlord  
  85  5:21  Drone x3  
  85  5:24  Drone x5  
  85  5:26  Lair  
  90  5:30  Drone  
  90  5:34  Drone x4, Evolution Chamber  
  90  5:35  Baneling Nest  
  93  5:36  Overlord  
  93  5:38  Extractor  
  93  5:40  Zergling x4  
  94  5:45  Spore Crawler  
  94  5:48  Zergling x6  
  96  5:50  Zergling x2  
  96  5:52  Spore Crawler  
  96  5:56  Zergling x2  
  96  5:57  Zergling x6  
  98  6:00  Zergling x8  
  98  6:04  Zergling x6  
  103  6:12  Zerg Melee Weapons Level 1, Overlord  
  103  6:19  Roach x5  
  103  6:25  Overlord x2  
  113  6:36  Overlord x3  
  112  6:47  Drone x12  
  112  6:52  Drone x4  
  127  6:57  Overlord  
  127  6:58  Overseer, Ravager x5  
  127  7:00  Hatchery  
  125  7:02  Zergling x12  
  125  7:03  Centrifugal Hooks  
  125  7:04  Glial Reconstitution  
  131  7:11  Zergling x12  
  137  7:17  Overlord  
  137  7:18  Spore Crawler  
  137  7:20  Zergling x8  
  140  7:25  Drone, Spine Crawler  
  140  7:26  Zergling x6  
  143  7:36  Roach x5  
  146  7:40  Roach x8  
  162  7:46  Roach x3  
  168  7:52  Overlord x3  
  168  8:12  Roach x14  
  192  8:19  Zerg Melee Weapons Level 2  
  192  8:23  Zergling x10  
  192  8:27  Baneling x16  
  196  8:30  Spore Crawler  
  187  8:34  Hatchery  
  187  8:39  Zergling x26  
  190  8:46  Roach x5  
  192  8:51  Zergling x6  
  192  8:54  Queen  
  189  8:58  Zergling x12  
  189  9:00  Baneling x8  
  189  9:01  Baneling  
  189  9:02  Baneling x2  
  192  9:06  Zergling x2  
  192  9:07  Zergling x6  
  196  9:14  Zergling x6  
  197  9:23  Zergling x6  
  198  9:26  Baneling x25  
  193  9:34  Zergling x8  
  197  9:42  Overlord  
  197  9:45  Baneling x10  
  195  9:48  Zergling x8  
  188  10:15  Roach  
  188  10:16  Roach x7  
  170  10:32  Roach x2  
  170  10:33  Roach x9  
  109  11:10  Overlord x2  
  84  11:29  Overlord x4  
  84  11:31  Ravager  
  85  11:43  Spawning Pool  
Show
View Real Time Build Order
Export as new Build Order

ShoWTimE Protoss - Winner!

Build Orders: 1 Gate Expand, Oracle Opening 

Get SALT Encoding   

  12  0:00  Probe  
  13  0:12  Probe  
  14  0:18  Pylon  
  14  0:24  Probe  
  15  0:30  Assimilator  
  15  0:36  Probe (Chrono Boost)  
  16  0:46  Probe (Chrono Boost)  
  16  0:49  Gateway  
  17  0:51  Probe (Chrono Boost)  
  18  1:03  Probe  
  19  1:15  Probe  
  20  1:25  Nexus  
  20  1:28  Probe  
  21  1:37  Cybernetics Core  
  21  1:42  Assimilator  
  21  1:46  Probe  
  22  1:52  Pylon  
  22  1:58  Probe  
  23  2:10  Probe (Chrono Boost)  
  23  2:13  Adept  
  23  2:14  Warp Gate  
  26  2:21  Probe (Chrono Boost)  
  26  2:22  Stargate  
  27  2:26  Probe (Chrono Boost)  
  28  2:37  Probe (Chrono Boost)  
  29  2:43  Probe (Chrono Boost), Stalker  
  32  2:46  Probe (Chrono Boost)  
  32  2:50  Probe (Chrono Boost)  
  32  2:51  Probe (Chrono Boost)  
  35  3:01  Probe  
  35  3:02  Oracle (Chrono Boost)  
  35  3:03  Probe  
  40  3:13  Probe  
  40  3:15  Probe, Pylon  
  42  3:25  Probe  
  43  3:27  Probe  
  43  3:30  Nexus  
  43  3:32  Oracle (Chrono Boost)  
  44  3:40  Pylon  
  44  3:41  Probe  
  48  3:43  Probe  
  48  3:47  Assimilator  
  49  3:53  Probe  
  49  3:54  Twilight Council  
  51  3:55  Probe  
  51  4:05  Probe  
  51  4:07  Probe  
  53  4:10  Gateway  
  53  4:11  Gateway  
  53  4:13  Gateway  
  53  4:17  Probe, Assimilator  
  53  4:19  Probe  
  55  4:25  Stalker  
  55  4:28  Pylon  
  55  4:30  Probe  
  58  4:32  Probe  
  58  4:33  Blink (Chrono Boost)  
  57  4:42  Probe x2  
  57  4:44  Probe  
  58  4:50  Stalker  
  60  4:54  Shield Battery, Probe x2  
  60  4:56  Probe  
  63  5:05  Forge  
  63  5:06  Probe  
  63  5:07  Probe, Stalker x2  
  65  5:09  Probe  
  70  5:18  Probe  
  70  5:19  Probe  
  72  5:21  Probe  
  72  5:23  Protoss Ground Weapons Level 1 (Chrono Boost), Stalker x2  
  72  5:28  Pylon  
  77  5:30  Probe  
  77  5:31  Probe, Stalker x2  
  77  5:33  Probe  
  84  5:38  Pylon  
  84  5:43  Pylon  
  84  5:49  Stalker x2  
  88  5:52  Pylon  
  87  5:58  Stalker x2  
  91  6:06  Charge (Chrono Boost)  
  89  6:11  Probe  
  90  6:18  Stalker  
  90  6:19  Stalker  
  90  6:25  Nexus  
  94  6:26  Pylon  
  94  6:29  Stalker x2  
  94  6:30  Pylon  
  94  6:31  Probe  
  94  6:32  Probe  
  100  6:37  Gateway  
  100  6:38  Gateway  
  100  6:43  Pylon  
  100  6:45  Gateway, Stalker x2  
  104  6:48  Shield Battery  
  104  6:52  Stalker  
  104  6:53  Stalker  
  104  6:58  Probe  
  104  7:00  Pylon  
  105  7:02  Photon Cannon  
  105  7:03  Probe  
  105  7:06  Probe, Pylon  
  105  7:07  Gateway  
  107  7:10  Probe  
  107  7:11  Protoss Ground Weapons Level 2 (Chrono Boost)  
  108  7:15  Forge  
  108  7:18  Gateway  
  108  7:21  Gateway  
  108  7:26  Probe  
  108  7:27  Probe  
  108  7:28  Probe  
  111  7:31  Pylon  
  111  7:37  Stalker x4  
  111  7:40  Probe x4  
  123  7:50  Protoss Ground Armor Level 1 (Chrono Boost)  
  123  7:52  Probe x3  
  123  7:54  Probe  
  127  7:59  Gateway  
  127  8:00  Gateway  
  127  8:02  Gateway  
  127  8:04  Probe  
  128  8:14  Zealot x9  
  128  8:17  Zealot  
  148  8:26  Templar Archives  
  148  8:29  Nexus  
  148  8:31  Pylon  
  148  8:36  Pylon  
  148  8:37  Zealot x5  
  156  8:46  Zealot x2  
  156  8:47  Zealot x3  
  160  8:54  Probe x3  
  160  8:55  Probe  
  156  8:58  Assimilator  
  156  9:01  Assimilator  
  152  9:03  Photon Cannon  
  152  9:05  Photon Cannon  
  152  9:06  Probe x2  
  152  9:07  Shield Battery  
  152  9:10  Probe x2  
  152  9:22  High Templar x8  
  152  9:23  High Templar  
  170  9:26  Probe  
  170  9:28  Photon Cannon  
  170  9:30  Archon x4  
  170  9:31  Pylon  
  163  9:33  High Templar  
  163  9:42  Archon  
  163  9:45  Probe  
  164  9:51  Probe x3  
  167  9:54  Zealot x6  
  167  9:55  Zealot x6  
  191  10:05  Oracle (Chrono Boost)  
  191  10:06  Gateway x2  
  191  10:13  Stalker  
  190  10:15  Sentry  
  190  10:16  Zealot x6  
  181  10:33  Zealot x3  
  149  10:39  Photon Cannon  
  149  10:41  Photon Cannon  
  146  10:48  Pylon  
  122  10:50  Pylon  
  122  10:51  Pylon  
  114  10:59  Cybernetics Core  
  114  11:10  Zealot x3  
  115  11:23  Probe, Gateway  
  116  11:28  Probe, Gateway  
  111  11:47  Pylon  
  111  11:50  Pylon  
  105  11:52  Pylon  
  105  12:08  Probe  
Tags
 
Add a new tag
Caveats
  • Supply blocks, unpowered buildings, or Contaminate may cause inaccurate times.
  • Supply counts are checked every 10 seconds.